[Event "CCC-GM 2022"]
[Site "Ballerup"]
[Date "2022.05.28"]
[Round "6.3"]
[White "Komarov, Dimitri"]
[Black "Blomqvist, Erik"]
[Result "1/2-1/2"]
[ECO "E39"]
[WhiteElo "2493"]
[BlackElo "2523"]
[Annotator "TA"]
[PlyCount "63"]
[EventDate "2022.05.25"]
[EventType "tourn"]
[EventCountry "DEN"]
[SourceTitle "playchess.com"]
[Source "ChessBase"]
[SourceQuality "1"]
[TimeControl "5400+30"]

1. d4 Nf6 2. c4 e6 3. Nc3 Bb4 4. Qc2 c5 5. dxc5 O-O 6. Nf3 Na6 7. g3 Nxc5 8. Bg2 Nfe4 {[%emt 0:00:58] E39: Nimzo-Indian: Classical: 4...c5 5 dxc5 0-0.} 9. Bd2 Nxd2 10. Nxd2 Qa5 {[%emt 0:03:05] White is slightly better.} 11. Rc1 d6 12. O-O {[%emt 0:03:25] [#]} Rb8 $146 ({Predecessor:} 12... Bd7 13. a3 Bxc3 14. Qxc3 Qxc3 15. Rxc3 Bc6 16. Bxc6 bxc6 17. b4 Na4 18. Rc2 a5 {½-½ (25) Xiong,J (2709)-Sunilduth Lyna,N (2618) Chess.com INT 2020}) 13. a3 {[%emt 0:02:27] White is more active.} Bxc3 14. Qxc3 Qxc3 15. Rxc3 Rd8 16. b4 Na4 17. Rd3 Kf8 18. Nb3 b6 $1 {[%emt 0:15:13] Prevents Na5.} 19. Nd4 {[%emt 0:10:48] [#] And now Nc6 would win.} Bd7 {[%emt 0:00:57] The position is equal.} 20. Nc6 Bxc6 21. Bxc6 Nb2 22. Rc3 {[%emt 0:02:31] aiming for Rc2.} Rdc8 23. Bb5 {[%emt 0:00:08] [#] Threatens to win with Rc2.} d5 24. Rfc1 Nxc4 25. Bxc4 dxc4 26. Rxc4 Rxc4 27. Rxc4 $11 {[%emt 0:00:04] KR-KR} Rb7 {[%emt 0:00:28] Prevents Rc7.} 28. f4 f5 29. Kf2 Ke7 30. Ke3 Rd7 31. Rd4 Rc7 32. Rc4 $2 {[%mdl 40960] Weighted Error Value: White=0.05 (flawless) /Black=0.03 (flawless) . An unexpected result.} 1/2-1/2

[Event "CCC-GM 2022"]
[Site "Ballerup"]
[Date "2022.05.28"]
[Round "6.4"]
[White "Brunello, Sabino"]
[Black "Heimisson, Hilmir Freyr"]
[Result "1-0"]
[ECO "E47"]
[WhiteElo "2521"]
[BlackElo "2323"]
[Annotator "TA"]
[PlyCount "153"]
[EventDate "2022.05.25"]
[EventType "tourn"]
[EventCountry "DEN"]
[SourceTitle "playchess.com"]
[Source "ChessBase"]
[SourceQuality "1"]
[TimeControl "5400+30"]

1. d4 Nf6 2. c4 e6 3. Nc3 Bb4 4. e3 O-O 5. Bd3 c5 6. Nge2 d5 7. cxd5 cxd4 8. exd4 Nxd5 9. O-O Nc6 10. a3 Bd6 {[%emt 0:00:50] 10...Bd6 scores better than 10...Be7.} 11. Ne4 {[%emt 0:02:12] has lost popularity (11.Re1).} Be7 12. Bb1 Nf6 {[%emt 0:02:41] [#] E48: Nimzo-Indian: Rubinstein: 5 Bd3 d5 including 6 Ne2, but excluding 6 a3.} 13. N4c3 $146 ({Predecessor:} 13. Ng5 e5 14. d5 Qxd5 15. Bxh7+ Kh8 16. Bd3 Rd8 17. Bc2 Qxd1 18. Bxd1 Kg8 19. Bb3 Rf8 20. h3 {½-½ (76) Ilic,D (2420)-Radibratovic,P (2330) Kladovo 1990}) 13... b6 14. Qd3 Bb7 {[%emt 0:00:55] The position is equal.} 15. Bg5 g6 16. Ba2 $40 {[%emt 0:00:14][%mdl 128] White has some attack.} Nd5 17. Bh6 Nxc3 18. Nxc3 Re8 (18... Nxd4 $11 19. Rad1 Bf6) 19. d5 exd5 20. Qxd5 (20. Rad1 {with more complications.} Ne5 21. Qg3 Bh4 22. Qf4) 20... Qxd5 21. Nxd5 {[%emt 0:00:08] Nc7 is the strong threat.} (21. Bxd5 Bf6 $11) 21... Red8 ({Black should play} 21... Rac8) 22. Rfe1 Bf8 23. Bg5 Rd6 24. Rad1 {[%emt 0:10:41] White is much more active.} Kh8 25. Nc3 Kg7 26. Ne4 $1 Rxd1 27. Bf6+ Kg8 28. Rxd1 Be7 {[%emt 0:01:18] [#]} 29. Bxe7 ({Don't play} 29. Rd7 $6 Rd8 30. Rxd8+ Bxd8 $14) 29... Nxe7 30. Ng5 Rc8 31. h4 ({Don't take} 31. Bxf7+ Kg7 $16) 31... Bc6 {[%emt 0:00:34] Against Rd7} 32. Nxf7 Kg7 33. Ne5 Be8 34. Rd2 {[%emt 0:00:26] Against Rc2} Nf5 35. g3 Rc1+ 36. Kg2 Bb5 37. Bd5 Kf6 38. Ng4+ Ke7 39. Kf3 Rc5 40. Kf4 a5 (40... Bc4 $16) 41. Ne3 $18 Nxe3 42. fxe3 {[%emt 0:00:11][%mdl 4096] Endgame KRB-KRB} ({Resist} 42. Kxe3 $6 Be8 43. Kf4 Bd7 $16) 42... Bc6 (42... Rc1 {is a better defense.} 43. e4 h6) 43. e4 Rc1 44. Bxc6 Rxc6 {[%emt 0:00:02] KR-KR} 45. Rd5 Rf6+ 46. Ke3 Rc6 47. Kf4 Rf6+ $1 48. Ke3 Rc6 $1 49. Rb5 Rd6 50. Kf4 Rf6+ 51. Ke3 Rd6 52. g4 Ke6 53. Kf4 Rc6 (53... h6 $142 54. a4 Rc6) 54. h5 Kf6 55. g5+ Ke6 $2 (55... Kf7 56. h6 Ke6) 56. h6 Ke7 57. Ke5 Re6+ 58. Kd4 {[%emt 0:00:37] Threatens to win with Re5.} Rd6+ 59. Ke3 Ke6 60. Kf4 Rc6 61. Re5+ Kd7 62. Rd5+ Ke7 63. Ke5 Re6+ {[%emt 0:00:42] [#]} 64. Kd4 $1 {[%emt 0:00:01] Hoping for Re5.} Rc6 65. a4 Rc2 (65... Rc1 $142 66. Rb5 Rc6) 66. Rb5 Rc6 67. Rb3 {[%emt 0:01:14] Black must now prevent e5.} Rd6+ 68. Ke3 Re6 69. Rc3 {[%emt 0:00:34] aiming for Rc7+.} Kd7 {[%emt 0:00:19] Prevents Rc7+.} 70. Rc2 Kd8 71. Kd4 Kd7 (71... Rd6+ $142 72. Ke5 Kd7) 72. e5 Re8 73. Kd5 {[%emt 0:00:10][%cal Oe5e6] White wants to mate with e6+!} Rd8 74. e6+ {[%emt 0:00:14] White mates.} Ke7+ 75. Ke5 Rd1 76. Rc7+ Kf8 77. Rxh7 {[%emt 0:00:01] Weighted Error Value: White=0.28 (precise) /Black=0.23 (precise)} 1-0

[Event "CCC-GM 2022"]
[Site "Ballerup"]
[Date "2022.05.28"]
[Round "6.5"]
[White "Stefansson, Vignir Vatnar"]
[Black "Olsen, Filip Boe"]
[Result "1/2-1/2"]
[ECO "A13"]
[WhiteElo "2496"]
[BlackElo "2407"]
[Annotator "TA"]
[PlyCount "81"]
[EventDate "2022.05.25"]
[EventType "tourn"]
[EventCountry "DEN"]
[SourceTitle "playchess.com"]
[Source "ChessBase"]
[SourceQuality "1"]
[TimeControl "5400+30"]

1. c4 e6 2. Nf3 d5 3. g3 Nf6 4. Bg2 dxc4 5. Qa4+ c6 6. Qxc4 b5 {[%emt 0:00:14] A13: English Opening: 1...e6.} 7. Qb3 Bb7 8. O-O Nbd7 9. d4 Be7 {[%emt 0:02:15] seems to push 9...a6 aside.} 10. a4 a6 11. Rd1 {[%emt 0:01:57] [#]} Qc8 $146 ({Predecessor:} 11... O-O 12. Bg5 Qc7 13. Nc3 b4 14. Ne4 a5 15. Rac1 Rac8 16. Bf4 Qb6 17. Nd6 Bxd6 18. Bxd6 {0-1 (39) Makhnyov,D (2362)-Wei,Y (2748) Ashkhabad 2017}) 12. Ne5 Nxe5 13. dxe5 Nd7 14. Nc3 O-O 15. Bf4 Nc5 16. Qc2 Nxa4 17. Nxa4 bxa4 18. Be4 h6 19. Qxa4 Rd8 20. Rxd8+ Qxd8 21. Bxc6 {[%emt 0:05:38] White is more active.} Qb6 22. Bxb7 Qxb7 23. b3 Rb8 24. Qxa6 Qxb3 25. Qc6 (25. Qa7 $14 Rb7 26. Qe3) 25... Qb2 $11 26. Ra8 Qb1+ ({Black should play} 26... Rxa8 $11 27. Qxa8+ Bf8) 27. Kg2 $14 Rxa8 28. Qxa8+ $16 {[%emt 0:00:05][%mdl 4096] Endgame KQB-KQB} Kh7 29. h4 Bc5 30. Qf3 Kg8 31. h5 Qb4 32. Qc6 Kh7 33. Qf3 (33. Kf3 {feels hotter.} Kg8 34. g4 Qb3+ 35. Kg2) 33... Kg8 $1 34. Bc1 (34. Be3 $16) 34... Qd4 $11 {[%emt 0:01:20] The position is equal.} 35. Qf4 Qd5+ 36. e4 Qd1 37. g4 Bd4 38. Ba3 Qa1 39. Bd6 Qb2 40. Qg3 Qe2 41. Qf3 {[%emt 0:00:37] Weighted Error Value: White=0.12 (very precise) /Black=0.09 (flawless)} 1/2-1/2

[Event "CCC-GM 2022"]
[Site "Ballerup"]
[Date "2022.05.28"]
[Round "7.1"]
[White "Olsen, Filip Boe"]
[Black "Brunello, Sabino"]
[Result "1/2-1/2"]
[ECO "D35"]
[WhiteElo "2407"]
[BlackElo "2521"]
[Annotator "TA"]
[PlyCount "60"]
[EventDate "2022.05.25"]
[EventType "tourn"]
[EventCountry "DEN"]
[SourceTitle "playchess.com"]
[Source "ChessBase"]
[SourceQuality "1"]
[TimeControl "5400+30"]

1. d4 Nf6 2. c4 e6 3. Nc3 d5 4. cxd5 exd5 5. Bg5 c6 6. e3 Nbd7 7. Bd3 Be7 8. Qc2 Nh5 9. Bxe7 Qxe7 10. O-O-O Nb6 11. h3 {[%emt 0:01:47] D36: Queen's Gambit Declined: Exchange Variation: Main line (5 Bg5 c6 6 Qc2).} Be6 12. Kb1 (12. Bxh7 g6 13. Bxg6 fxg6 14. Qxg6+ Bf7 $17) 12... Nf6 13. Nf3 {[%emt 0:03:15][%cal Bg1f3,Bf3d2,Bd2b3,Bb3c5][%mdl 32] The position is equal.} O-O-O 14. Na4 Nxa4 15. Qxa4 Kb8 16. Rc1 Ne4 {[%emt 0:00:54] Prevents Rc3.} 17. Bxe4 dxe4 18. Nd2 {[%emt 0:03:12] [#]} f5 $146 ({Predecessor:} 18... Qg5 19. g4 h5 20. gxh5 Rxh5 21. Ka1 Qg2 22. Qa3 Bd5 {0-1 (67) Richardson,J (2282)-Bisby,D (2293) England 2017}) 19. g3 g5 20. h4 f4 21. Nb3 fxe3 22. fxe3 gxh4 23. gxh4 Rhg8 24. Nc5 Bd5 25. Rc3 Qc7 ({But not} 25... a6 26. Qb4 Ka7 {[#]} 27. Nxa6 $1 Qxb4 28. Nxb4 $14) 26. Ra3 Qb6 27. Qc2 {[%emt 0:01:12] Inhibits Rg2.} Rg7 {[%emt 0:01:07] Black is slightly better.} 28. Qh2+ ({Avoid the trap} 28. Nxe4 $2 Re7 29. Qh2+ Qc7 $19) 28... Qc7 29. Qxc7+ Rxc7 30. Rg1 Rf7 {[%emt 0:10:08] Weighted Error Value: White=0.07 (flawless) /Black=0.02 (flawless)} 1/2-1/2

[Event "CCC-GM 2022"]
[Site "Ballerup"]
[Date "2022.05.28"]
[Round "7.2"]
[White "Blomqvist, Erik"]
[Black "Nielsen, Viktor Haarmark"]
[Result "1/2-1/2"]
[ECO "A05"]
[WhiteElo "2523"]
[BlackElo "2323"]
[Annotator "TA"]
[PlyCount "115"]
[EventDate "2022.05.25"]
[EventType "tourn"]
[EventCountry "DEN"]
[SourceTitle "playchess.com"]
[Source "ChessBase"]
[SourceQuality "1"]
[TimeControl "5400+30"]

1. Nf3 Nf6 2. g3 g6 3. b3 Bg7 4. Bb2 d5 5. c4 c6 6. Bg2 O-O 7. O-O Bg4 8. d3 Bxf3 9. Bxf3 Re8 {[%emt 0:00:17] A11: English Opening: 1...c6.} 10. d4 dxc4 11. bxc4 e5 {[%emt 0:00:02] White is slightly better.} 12. e3 {[%emt 0:02:08] [#]} e4 $146 (12... exd4 $11 13. Bxd4 (13. Qxd4 Nbd7 $11) 13... Nbd7) ({Predecessor:} 12... exd4 13. exd4 Nbd7 14. Nc3 Qb6 15. Rb1 Qa6 16. Qb3 Nb6 17. c5 Nbd7 18. Rfd1 Rac8 {1-0 (36) Rozum,I (2581)-Drygalov,S (2400) Samara 2016}) 13. Bg2 $16 c5 14. Nd2 (14. dxc5 Na6 $14) 14... cxd4 15. Bxd4 Nbd7 16. c5 Rc8 17. Rc1 Bf8 18. f3 (18. c6 $14 bxc6 19. Qa4) 18... Nxc5 19. fxe4 Nfd7 20. Qf3 {[%emt 0:11:45][%csl Gf1][%cal Rf3f7] [#]} Qe7 21. e5 b6 22. Bh3 Bg7 23. Ne4 Nxe4 {[%emt 0:01:04] Pair of Knights!} 24. Rxc8 ({Much worse is} 24. Qxe4 Rxc1 25. Rxc1 Bxe5 26. Bxd7 Qxd7 27. Bxe5 Qb5 $17) 24... Rxc8 25. Qxe4 {[%emt 0:00:07] [#] Hoping for e6.} Re8 26. Bxd7 (26. e6 $1 $15 f5 27. Qd3 Qxe6 28. Bxg7 Kxg7 29. e4) 26... Qxd7 $17 27. Rf2 Qe7 28. Qd5 h5 29. a4 Qe6 30. Qb7 Re7 31. Qa8+ Kh7 32. Qb8 Qc6 33. Qd8 ({Don't play} 33. Qd6 Qe8 34. Qd5 Kg8 $17) 33... Qe6 (33... Qb7 $15) 34. Qb8 $1 Qd7 35. Ra2 Re8 (35... h4 $17 {White must now prevent ...Re8.} 36. Rf2 h3) 36. Qd6 $15 Qxd6 (36... Qc8 {is interesting.} 37. Rf2 Kg8 38. Qd5 Re6) 37. exd6 Bxd4 38. exd4 {[%emt 0:00:02][%mdl 4096] Endgame KR-KR} Rd8 39. Rc2 (39. Kf2 $1 $11) 39... Rxd6 40. Rc7 Kg7 ({Much weaker is} 40... Rxd4 41. Rxf7+ Kh6 42. Rxa7 $11) 41. Rxa7 Rxd4 42. a5 bxa5 43. Rxa5 Rd2 44. h4 Kf6 45. Rb5 Ke6 46. Ra5 Rd5 47. Ra2 Kf5 (47... Rd3 $15 48. Kf2 f6) 48. Kg2 (48. Rf2+ $1 $11 Ke6 49. Kg2) 48... g5 49. hxg5 {[%emt 0:00:30] The position is equal.} Kxg5 50. Ra4 Re5 51. Kf3 Rf5+ 52. Kg2 Rb5 53. Kf3 $1 Rb3+ 54. Kg2 Rb2+ 55. Kf3 Rb3+ 56. Kg2 Rb2+ 57. Kf3 Rb3+ 58. Ke4 $2 {[%mdl 40960] Weighted Error Value: White=0.10 (very precise) /Black=0.13 (very precise) . An unexpected result.} (58. Kg2 $11) 1/2-1/2

[Event "CCC-GM 2022"]
[Site "Ballerup"]
[Date "2022.05.28"]
[Round "7.3"]
[White "Hacker, Jonas"]
[Black "Stefansson, Vignir Vatnar"]
[Result "1/2-1/2"]
[ECO "C43"]
[WhiteElo "2396"]
[BlackElo "2496"]
[Annotator "TA"]
[PlyCount "61"]
[EventDate "2022.05.25"]
[EventType "tourn"]
[EventCountry "DEN"]
[SourceTitle "playchess.com"]
[Source "ChessBase"]
[SourceQuality "1"]
[TimeControl "5400+30"]

1. e4 e5 2. Nf3 Nf6 3. d4 Nxe4 4. Bd3 d5 5. Nxe5 Nd7 6. Nxd7 Bxd7 7. O-O Bd6 8. Nc3 Nxc3 9. bxc3 O-O 10. Qh5 {[%emt 0:01:39][%csl Gd3,LRd5,LRh7][%cal Rh5h7] [#] Inhibits Qh4. C43: Petroff Defence: 3 d4.} f5 $1 11. Re1 Qf6 12. Qf3 c6 13. Bf4 Rae8 14. Qg3 {[%emt 0:09:56] is the legacy move (14.c4).} Bxf4 15. Qxf4 Qf7 {[%emt 0:00:02] [#]} (15... c5 $5 ) 16. Kf1 $146 ({Predecessor:} 16. g3 g6 17. h4 Rxe1+ 18. Rxe1 Re8 19. Re5 Rxe5 20. Qxe5 Qe8 21. Qc7 Qc8 22. Qd6 {½-½ (32) Kveinys,A (2520)-Giertz,N (2270) Marbach 1994}) 16... h6 17. Rxe8 Rxe8 18. Re1 Rxe1+ 19. Kxe1 $14 {[%emt 0:00:07][%mdl 4096] Endgame KQB-KQB} Bc8 20. Qe5 {[%emt 0:04:23] White is more active.} (20. a4 $14) 20... Qe6 21. Qxe6+ (21. Kd2 $11) 21... Bxe6 $11 {[%emt 0:00:06] KB-KB} 22. f4 Kf7 23. Kd2 Ke7 24. Kc1 a5 25. g3 b5 26. Kb2 g5 27. h4 {[%emt 0:01:46] The position is equal.} gxf4 28. gxf4 Kd6 29. a3 Bd7 30. Kb3 c5 {[%emt 0:00:19] [#] Strongly threatening ...c4+.} 31. Kb2 {[%emt 0:00:25] Weighted Error Value: White=0.12 (very precise) /Black=0.07 (flawless)} 1/2-1/2

[Event "CCC-GM 2022"]
[Site "Ballerup"]
[Date "2022.05.28"]
[Round "7.4"]
[White "Haubro, Martin"]
[Black "Komarov, Dimitri"]
[Result "0-1"]
[ECO "B33"]
[WhiteElo "2428"]
[BlackElo "2493"]
[Annotator "TA"]
[PlyCount "102"]
[EventDate "2022.05.25"]
[EventType "tourn"]
[EventCountry "DEN"]
[SourceTitle "playchess.com"]
[Source "ChessBase"]
[SourceQuality "1"]
[TimeControl "5400+30"]

1. e4 c5 2. Nf3 Nc6 3. d4 cxd4 4. Nxd4 Nf6 5. Nc3 g6 6. Nxc6 dxc6 7. Qxd8+ Kxd8 8. Bc4 Ke8 9. e5 {[%emt 0:08:35] B34: Sicilian: Accelerated Dragon with 5 Nc3: sidelines.} Nd7 10. e6 fxe6 11. Bxe6 {[%emt 0:00:05] White is slightly better.} Bg7 12. Ne4 Nf8 {[%emt 0:08:25] [#]} 13. Bxc8 $146 ({Predecessor:} 13. Bb3 Be6 14. c3 Bd5 15. f3 Ne6 16. O-O Rf8 17. Re1 b6 18. Bg5 Kf7 19. Bh4 {1-0 (31) Maxion,D (2245)-Wiedersich,J (2150) Germany 1999}) 13... Rxc8 14. Be3 Ne6 15. c3 b6 16. a4 Rf8 17. a5 Rf5 18. Kd2 bxa5 19. Kc2 Rb5 20. Ra2 {[%emt 0:04:10][%mdl 1024] White has strong compensation.} Be5 21. Re1 Bc7 ({Much less strong is} 21... Bxh2 22. g3 $16) 22. Nd2 a6 23. Ra4 Kf7 (23... Bxh2 $2 24. g3 $18) (23... Rcb8 $14 {was preferrable.}) 24. Re4 $16 {[%emt 0:00:20] Hoping for Bh6.} Re8 (24... Bxh2 $2 25. g3 $18 (25. Bh6 Rh5 $18)) 25. Nf3 {[%emt 0:01:47] Threatens to win with Bh6.} Bd6 $1 26. Bc1 Nc5 27. Rc4 Reb8 28. Ng5+ Kg8 29. Ne4 Nxe4 (29... Kf7 {keeps more tension.} 30. h3 Nxe4 31. Rexe4 Rf5) 30. Rexe4 Rf5 31. f3 Rc8 32. h3 Kf7 33. Ra4 Ke8 34. Bd2 Rb8 35. Ra2 Kd7 36. Rea4 Bc7 37. Re4 Rbb5 38. Ra1 Rbe5 39. Rxe5 Rxe5 40. Re1 {[%emt 0:00:42] Against Re2} (40. Kd3 $11 {keeps the balance.}) 40... Rxe1 $17 41. Bxe1 {[%emt 0:00:04][%mdl 4096] Endgame KB-KB} a4 42. Bd2 Ke6 43. c4 Be5 44. Bb4 Bd6 45. Bxd6 {[%emt 0:00:26][%mdl 8192] [#] This move loses the game for White.} (45. Bd2 $17) 45... Kxd6 {[%emt 0:01:28] KP-KP} 46. Kd3 Kc5 47. Kc3 e5 $2 (47... g5 $19 48. Kc2 Kxc4) 48. g3 (48. h4 $17 a5 49. g3) 48... g5 $2 (48... h5 49. h4 a5) 49. h4 gxh4 {[%emt 0:00:16] Black mates.} 50. gxh4 h5 51. Kd3 {[%emt 0:00:08] [#]} Kb4 $1 {[%emt 0:00:26] Weighted Error Value: White=0.56/Black=0.23 (precise)} 0-1

[Event "CCC-GM 2022"]
[Site "Ballerup"]
[Date "2022.05.28"]
[Round "7.5"]
[White "Heimisson, Hilmir Freyr"]
[Black "Brondt, Nicolai Kvist"]
[Result "0-1"]
[ECO "A15"]
[WhiteElo "2323"]
[BlackElo "2241"]
[Annotator "TA"]
[PlyCount "68"]
[EventDate "2022.05.25"]
[EventType "tourn"]
[EventCountry "DEN"]
[SourceTitle "playchess.com"]
[Source "ChessBase"]
[SourceQuality "1"]
[TimeControl "5400+30"]

1. c4 Nf6 2. g3 c5 3. Bg2 e6 4. Nf3 d5 5. O-O Be7 6. cxd5 Nxd5 7. Nc3 O-O 8. Nxd5 exd5 9. d4 Nc6 10. dxc5 Bxc5 11. Qc2 Be7 {[%emt 0:07:31] D41: Queen's Gambit Declined: Semi-Tarrasch with 5 cxd5.} 12. Rd1 Bf6 13. Be3 Be6 {[%emt 0:22:13] White is slightly better.} 14. Nd4 Qd7 {[%emt 0:06:01] [#]} 15. Qd2 $146 (15. Nxc6 {with more complications.} Rfc8 16. Bd4 Rxc6 17. Qd2) ({Predecessor:} 15. Rd2 Rac8 16. Nxc6 Rxc6 17. Qd1 Rd8 18. Bd4 Bxd4 19. Rxd4 Rc4 20. b3 Rxd4 21. Qxd4 {½-½ (46) Kenney,J (2112)-Rindlisbacher,J (2249) Caleta 2014}) 15... Bg4 16. Nxc6 bxc6 17. Rac1 Rfe8 18. Qc2 Rac8 19. Rd2 d4 {[%emt 0:14:01] And now ...c5 would win.} 20. Qc5 Bxe2 21. Bxd4 $16 ({But not} 21. Rxe2 dxe3 22. Rxe3 Rxe3 23. Qxe3 Bxb2 $11) (21. Bxc6 $2 Qg4 22. Bxd4 Bf3 23. Bxf3 (23. Bxe8 Rxc5 24. Rxc5 Qh3 25. Bxf7+ Kxf7 26. Rc7+ Kg6) 23... Rxc5 24. Bxg4 Rxc1+ 25. Kg2 Rd8 $19) 21... Bxd4 22. Rxd4 Qe6 23. b3 ({Worse is} 23. Bxc6 Bf3 24. Bxf3 Rxc5 25. Rxc5 Qxa2 $15) 23... Qf6 24. Rd6 ({Not} 24. Bxc6 $2 Re6 25. b4 g5 $19) (24. Qxa7 $18 c5 25. Rd2) 24... Qb2 25. Rxc6 Rxc6 26. Bxc6 Rc8 27. Qc2 $40 {[%emt 0:11:53][%mdl 128] White wants a kill.} Qa3 28. Qd2 $2 {[%emt 0:04:26][%mdl 8192] [#]} (28. Re1 $16 {keeps the pressure on.} Bg4 29. Qd2 $1) 28... Bb5 $19 {[%emt 0:01:05][%mdl 576] Pin} 29. b4 (29. Bxb5 Qxc1+) 29... g6 $2 ({Black should play} 29... h5 $19 30. Rc3 Qxb4) 30. Rc3 (30. Qe1 $1 $11) 30... Qxb4 31. Qc2 $2 (31. Qc1) 31... Rxc6 {[%emt 0:00:46] Black is clearly winning.} 32. Rxc6 {[%emt 0:00:13] Hoping for Qc3.} Qe1+ 33. Kg2 {[%emt 0:00:03] aiming for Rc8+.} Qf1+ 34. Kf3 {[%emt 0:00:02] Strongly threatening Rc8+.} Qh1+ {[%emt 0:00:32] Weighted Error Value: White=0.68/Black=0.19 (very precise)} 0-1

[Event "CCC-GM 2022"]
[Site "Ballerup"]
[Date "2022.05.29"]
[Round "8.1"]
[White "Brunello, Sabino"]
[Black "Brondt, Nicolai Kvist"]
[Result "1/2-1/2"]
[ECO "D11"]
[WhiteElo "2521"]
[BlackElo "2241"]
[Annotator "TA"]
[PlyCount "122"]
[EventDate "2022.05.25"]
[EventType "tourn"]
[EventCountry "DEN"]
[SourceTitle "playchess.com"]
[Source "ChessBase"]
[SourceQuality "1"]
[TimeControl "5400+30"]

1. d4 Nf6 2. c4 c6 3. Nf3 d5 4. e3 a6 5. Nbd2 Bf5 6. Nh4 {[%emt 0:03:49] D11: Slav Defence: 3 Nf3 sidelines and 3...Nf6 4 e3 Bg4.} Be4 7. Nxe4 Nxe4 {[%emt 0:06:06] [#]} 8. f3 $146 {[%emt 0:11:01] [#]} (8. Nf3 $142) ({Predecessor:} 8. a3 e6 9. Nf3 Bd6 10. Bd3 f5 11. Qc2 Nd7 12. b3 O-O 13. Bb2 Qf6 14. g3 {0-1 (32) Borsuk,K (2413)-Le,T (2514) Chess.com INT 2021}) 8... e6 $1 9. g3 Nf6 (9... Qa5+ {keeps more tension.} 10. Ke2 Nf6 11. Bd2 Bb4) 10. Qb3 b5 11. cxd5 Qxd5 12. Qxd5 Nxd5 13. Bd2 c5 14. dxc5 Bxc5 15. Rc1 Nd7 16. Kf2 Ke7 17. Be2 Rhc8 18. Ng2 N7b6 19. Rhd1 Bb4 20. Bxb4+ Nxb4 21. a3 Nc6 22. Ne1 Na5 23. b4 Nac4 24. Nc2 (24. Ra1 $15) 24... Nb2 $17 {[%emt 0:03:27] Pair of Knights!} 25. Rh1 Rc3 $1 26. Nd4 Rac8 27. Rxc3 Rxc3 28. Ra1 N6c4 29. Bxc4 Nxc4 $15 {[%emt 0:00:40][%mdl 4096] Endgame KRN-KRN} (29... bxc4 $17 30. f4 Kd7) 30. a4 $11 Rxe3 31. axb5 axb5 32. Nxb5 Rb3 33. Nd4 ({Of course not} 33. Ra7+ Kf6 34. Nd4 Rxb4 $17) 33... Rb2+ 34. Ne2 (34. Kg1 $15) 34... Rxb4 35. Ra7+ Kf6 36. Rc7 Nd6 37. Rd7 Nf5 38. g4 {[%emt 0:00:35] [#]} Nh4 39. f4 (39. Nc3 $142) 39... h6 $17 40. Rd3 g5 41. Kg3 (41. fxg5+ $17 hxg5 42. h3) 41... Ng6 42. fxg5+ hxg5 {[%emt 0:00:02][%cal Ob4g4] And now ...Rxg4+! would win.} 43. h3 {[%emt 0:00:14] [#]} (43. Rc3 $17) 43... Nf4 $1 $19 44. Rf3 Ke5 45. Re3+ (45. Nc1) 45... Kd5 (45... Re4 $142 46. Rxe4+ Kxe4) 46. Ng1 $2 (46. Nc3+ {was worth a try.} Kd4 47. Kf3) 46... Rb2 47. Re1 Rg2+ 48. Kf3 Rd2 {[%emt 0:00:54] Inhibits Rd1. Threatens to win with ...e5.} 49. Re3 $2 (49. Ra1 {might work better.}) 49... e5 50. Ra3 e4+ 51. Ke3 Rd3+ (51... Rd1 $142 52. Ra5+ Kd6 53. Rxg5 Ne6) 52. Rxd3+ exd3 $2 {[%emt 0:00:23] KN-KN} (52... Nxd3 $19 53. Nf3 f6) 53. Nf3 $15 f6 ({Better is} 53... Nxh3 $15 54. Kxd3 Nf2+ 55. Ke2 Nh3) 54. h4 $1 $11 {[%emt 0:00:15] The position is equal.} Ng2+ 55. Kxd3 gxh4 56. g5 f5 57. Ke2 Ke4 {[%emt 0:00:23] White must now prevent ...Nf4+.} 58. Kf2 Nf4 {[%emt 0:00:34] aiming for ...Ng6.} 59. Nxh4 Nh3+ 60. Kg3 Nxg5 61. Nxf5 Kxf5 {[%emt 0:00:03] White happily takes the draw.  Weighted Error Value: White=0.24 (precise) /Black=0.24 (precise)} 1/2-1/2

[Event "CCC-GM 2022"]
[Site "Ballerup"]
[Date "2022.05.29"]
[Round "8.2"]
[White "Komarov, Dimitri"]
[Black "Heimisson, Hilmir Freyr"]
[Result "1/2-1/2"]
[ECO "E06"]
[WhiteElo "2493"]
[BlackElo "2323"]
[Annotator "TA"]
[PlyCount "60"]
[EventDate "2022.05.25"]
[EventType "tourn"]
[EventCountry "DEN"]
[SourceTitle "playchess.com"]
[Source "ChessBase"]
[SourceQuality "1"]
[TimeControl "5400+30"]

1. d4 Nf6 2. c4 e6 3. Nf3 d5 4. g3 Be7 5. Bg2 O-O 6. O-O dxc4 7. Qc2 a6 8. a4 Bd7 9. Qxc4 Bc6 10. Bf4 Bd6 {[%emt 0:00:08] E05: Open Catalan: 5 Nf3 Be7.} 11. Qc1 a5 12. Nc3 Na6 13. Bg5 Be7 14. Bxf6 Bxf6 15. e4 Nb4 16. Rd1 {[%emt 0:00:26] [#]} Qb8 $146 ({Predecessor:} 16... Re8 17. h4 g6 18. h5 Qe7 19. Qf4 Rad8 20. Rac1 Bg7 21. h6 Bf8 22. Ne5 f6 {1-0 (49) Andreikin,D (2724)-Melkumyan,H (2649) Chess.com INT 2022}) 17. Qf4 Rd8 18. Rd2 Be8 19. e5 Be7 20. Ng5 h6 21. Nh3 Ra6 22. Qe3 Bc6 23. Nf4 Bg5 24. h4 Bxf4 25. Qxf4 Bxg2 26. Kxg2 Rd7 27. Ne4 Rc6 28. Rad1 {[%emt 0:07:40] The position is equal.} Qd8 29. Qg4 {[%emt 0:08:06] [#] Nf6+ is the strong threat.} Kh8 30. Qe2 Kg8 {[%emt 0:00:10] Weighted Error Value: White=0.06 (flawless) /Black=0.06 (flawless)} 1/2-1/2